 Dungeon Crawl Stone Soup version 0.22-a0-570-g58866f5 (webtiles) character file.

180 Gildeon the Sneak (level 5, 0/25 HPs)
             Began as a Spriggan Assassin on June 30, 2018.
             Succumbed to a kobold's poison
             ... on level 2 of the Dungeon.
             The game lasted 00:16:57 (2160 turns).

Gildeon the Sneak (Spriggan Assassin)               Turns: 2160, Time: 00:16:58

Health: 0/25       AC:  3    Str:  7    XL:     5   Next: 33%
Magic:  6/6        EV: 19    Int: 11    God:
Gold:   96         SH:  0    Dex: 18    Spells: 4/4 levels left

rFire    + . .     SeeInvis +   a - +3 dagger
rCold    + . .     Gourm    .   (shield restricted)
rNeg     . . .     Faith    .   c - +0 robe
rPois    .         Spirit   .   (helmet restricted)
rElec    .         Reflect  .   d - +0 cloak
rCorr    .         Harm     .   (gloves unavailable)
MR       .....                  (boots unavailable)
Stlth    ++++......             (no amulet)
HPRegen  0.08/turn              (no ring)
MPRegen  0.10/turn              (no ring)

@: lethally poisoned (0 -> -17), very quick
A: very small, unfitting armour, see invisible, cold resistance 1, dopey 1, fire
resistance 1, herbivore, speed 3, slow metabolism 2
a: no special abilities


You were on level 2 of the Dungeon.
You were not hungry.

You visited 1 branch of the dungeon, and saw 3 of its levels.

You collected 96 gold pieces.

Inventory:

Hand Weapons
 a - a +3 dagger (weapon)
 b - a +0 blowgun
Missiles
 e - 4 poisoned needles
Armour
 c - a +0 robe (worn)
 d - a +0 cloak (worn)
Jewellery
 q - a +3 ring of slaying {unknown}
Wands
 j - a wand of iceblast (10)
Potions
 h - a potion of ambrosia
 i - a potion of degeneration {unknown}
 k - a potion of flight
 l - a potion of cancellation {unknown}
 m - a potion of heal wounds {unknown}
 n - a potion of magic {unknown}
 p - a potion of lignification {unknown}
Comestibles
 g - 6 rations


   Skills:
 - Level 1.5 Fighting
 * Level 4.6 Short Blades
 - Level 2.0 Throwing
 + Level 3.9 Dodging
 + Level 7.1 Stealth


You had 4 spell levels left.
You didn't know any spells.
Your spell library was empty.

Dungeon Overview and Level Annotations

Branches:
Dungeon (3/15)

Altars:
Cheibriados
Elyvilon
Fedhas
Trog

Annotations:
D:2 1 runed door, 2 transporters, Sigmund
D:3 exclusions: orc, orc priest and orc wizard, Terence


Innate Abilities, Weirdness & Mutations

You are very small and have problems with some larger weapons.
You are too small for most types of armour.
You have supernaturally acute eyesight. (SInv)
You are a herbivore.
You cover ground extremely quickly.
You need to consume almost no food.
Your flesh is cold resistant. (rC+)
You are dopey. (Int -2)
Your flesh is heat resistant. (rF+)


Message History

A kobold comes into view.
The crimson imp hits you but does no damage.
The crimson imp blinks!
The kobold shouts!
The kobold wields a blowgun.
The kobold shoots a poisoned needle.
The poisoned needle hits you!
You are lethally poisoned!
The crimson imp puffs mist at you.
There is a stone staircase leading up here.
You see here a poisoned needle.
e - 4 poisoned needles (gained 1)
* * * LOW HITPOINT WARNING * * *
You feel sick.
The kobold shoots a poisoned needle.
The poisoned needle hits you!
You are more poisoned.
* * * LOW HITPOINT WARNING * * *
You feel sick.
You climb upwards.
Level annotation: 1 runed door, 2 transporters, Sigmund You die...

#.# ##...##
###########.## #.#
##.######.............
#.#
#.....)..#########.##
#.#
#######..#########.#
#)# #............# #.#
##.########### #.#
######.#
#)##########.[.##.#
#............@..#.#
###########....>..#
#.....### ##...##
#####


There were no monsters in sight!

Vanquished Creatures
  Ijyb (D:3)
  A hound zombie (D:3)
  6 adders
  An ooze (D:1)
  2 dart slugs (D:1)
  3 leopard geckos
  4 orcs (D:3)
  4 bats
  3 giant cockroaches (D:1)
  8 goblins
  10 hobgoblins
  8 jackals (D:2)
  3 ball pythons
  2 frilled lizards
  7 kobolds
  8 rats
  A fungus (D:2)
72 creatures vanquished.

Notes
Turn   | Place    | Note
-------+----------+-------------------------------------------
     0 | D:1      | Gildeon the Spriggan Assassin began the quest for the Orb.
     0 | D:1      | Reached XP level 1. HP: 10/10 MP: 2/2
   179 | D:1      | Reached skill level 6 in Stealth
   193 | D:1      | Reached XP level 2. HP: 14/14 MP: 3/3
   525 | D:1      | Reached XP level 3. HP: 17/18 MP: 4/4
   783 | D:2      | Gained mutation: Your flesh is heat resistant. (rF+) [potion of mutation]
   783 | D:2      | Gained mutation: You are dopey. (Int -2) [potion of mutation]
   783 | D:2      | Gained mutation: Your flesh is cold resistant. (rC+) [potion of mutation]
   902 | D:2      | Found a bloodstained altar of Trog.
   914 | D:2      | Noticed Sigmund
  1015 | D:2      | Reached XP level 4. HP: 17/22 MP: 5/5
  1162 | D:2      | Found a runed door.
  1546 | D:2      | Found a transporter.
  1547 | D:2      | Found a white marble altar of Elyvilon.
  1547 | D:2      | Found a blossoming altar of Fedhas.
  1549 | D:2      | Found a snail-covered altar of Cheibriados.
  1552 | D:2      | Found a transporter.
  1561 | D:2      | Noticed a sky beast
  1820 | D:3      | Reached XP level 5. HP: 25/25 MP: 6/6
  1823 | D:3      | Reached skill level 7 in Stealth
  1894 | D:3      | Noticed Ijyb
  1917 | D:3      | Killed Ijyb
  2152 | D:3      | Noticed Terence
  2160 | D:2      | Succumbed to a kobold's poison

Vault maps used:
D:1:      sevenhm_arrival_forest_fort_small_6, minmay_crystal_water
D:2:      bloody_trog, gammafunk_temple_overflow_arena, minmay_nonomino_d4,
          uniq_crazy_yiuf_cottage, uniq_sigmund
D:3:      kiku_gazebo_pond_becter, minmay_misc_feat_plants,
          hangedman_glass_garden, uniq_terence, uniq_ijyb

Skill      XL: |  1  2  3  4  5 |
---------------+----------------+-----
Dodging        | 2 3 |  3.9
Stealth        | 6 7 |  7.1
Short Blades   | 3 4 |  4.6
Fighting       | |  1.5
Throwing       | |  2.0

Action                   |  1- 3 |  4- 6 || total
-------------------------+-------+-------++-------
Melee: Dagger            |    83 |   145 ||   228
 Fire: Blowgun           |    35 |    51 ||    86
  Use: Scroll            |     3 |     5 ||     8
       Potion            |     1 |       ||     1
 Stab: Sleeping          |     6 |     7 ||    13
Armor: Robe              |    10 |    15 ||    25
Dodge: Dodged            |    45 |   108 ||   153

Table legend:
 A = Spawn XP
 B = Non-spawn XP
 C = Spawn XP percentage of total XP
 D = Spawn monster count
 E = Non-spawn monster count
 F = Spawn count percentage of total count
 G = Total turns spent on level
                    A         B        C        D         E        F      G
               +---------+---------+-------+---------+---------+-------+---------
         Total |       0 |     258 |   0.0 |       0 |      71 |   0.0 |  2160
               +---------+---------+-------+---------+---------+-------+---------
           D:1 |       0 |      60 |   0.0 |       0 |      29 |   0.0 |   779
           D:2 |       0 |      88 |   0.0 |       0 |      25 |   0.0 |   909
           D:3 |       0 |     110 |   0.0 |       0 |      17 |   0.0 |   472
               +---------+---------+-------+---------+---------+-------+---------
